 Dungeon Crawl Stone Soup version 0.31.0-1-g2c135a0 (webtiles) character file.

Game seed: 4645990953256182933

18 jagoly the Trooper (level 2, -2/19 HPs)
             Began as a Gargoyle Monk on Jan 26, 2024.
             Slain by a quokka (4 damage)
             ... on level 1 of the Dungeon.
             The game lasted 00:01:40 (216 turns).

jagoly the Trooper (Gargoyle Monk)                   Turns: 216, Time: 00:01:41

Health: -2/19      AC:  4    Str: 14    XL:     2   Next: 66%
Magic:  2/2        EV: 12    Int: 10    God:
Gold:   23         SH:  0    Dex: 12    Spells: 1/1 levels left

rFire   . . .        a - +0 hand axe
rCold   . . .        d - orb {light}
rNeg    + . .        b - +0 robe
rPois   ∞            (no helmet)
rElec   +            (no cloak)
rCorr   .            (no gloves)
SInv    .            (no boots)
Will    .....        (no amulet)
Stlth   +            (no ring)
HPRegen 0.23/turn    (no ring)
MPRegen 0.08/turn

%: no passive effects
@: glowing
A: sickness immunity, AC +2, negative energy resistance 1, electricity
resistance, torment resistance 1, petrification resistance
a: no special abilities


You were on level 1 of the Dungeon.
You visited 1 branch of the dungeon, and saw 2 of its levels.

You collected 23 gold pieces.

Inventory:

Hand Weapons
 a - a +0 hand axe (weapon)
Armour
 b - a +0 robe (worn)
 d - an orb of light (worn)
Scrolls
 e - a scroll of acquirement {unknown}
 f - a scroll of identify {unknown}
Potions
 c - a potion of ambrosia


   Skills:
 + Level 3.5 Fighting
 * Level 3.1 Axes
 - Level 2.4 Dodging
 + Level 1.1 Stealth


You had one spell level left.
You didn't know any spells.
Your spell library was empty.

Dungeon Overview and Level Annotations

Branches:
Dungeon (2/15) Zot: 11773

Altars:


Innate Abilities, Weirdness & Mutations

You are immune to sickness and miasma.
Your stone body is resilient. (AC +2)
You are immune to poison.
You resist negative energy. (rN+)
You are resistant to electric shocks. (rElec)
You are resistant to unholy torment.
You are immune to petrification.


Message History

Welcome, jagoly the Gargoyle Monk.
Are you destined to find the marvelous Orb of Zot, or to die trying?
Press ? for a list of commands and other information.
Found a scroll labelled QUIFEWI SUVU.
Found a staircase leading out of the dungeon.
e - a scroll labelled QUIFEWI SUVU
Found 11 gold pieces.
A rat comes into view.
The rat squeaks loudly.
A rat is nearby!
A rat is nearby!
The rat barely misses you.
You hit the rat.
You kill the rat!
No target in view!
No target in view!
You see here a rat corpse.
You now have 11 gold pieces.
Found a stone staircase leading down.
A dart slug comes into view.
The dart slug moves out of view.
A dart slug is nearby!
You hit the dart slug.
The dart slug is heavily wounded.
The dart slug bites you but does no damage.
You hit the dart slug.
The dart slug is severely wounded.
The dart slug launches a dart at you. The slug dart misses you.
You hit the dart slug but do no damage.
The dart slug is severely wounded.
The dart slug closely misses you.
You slash the dart slug!
You kill the dart slug!
No target in view!
No target in view!
An endoplasm comes into view.
Found 12 gold pieces.
The endoplasm quivers.
There is a stone staircase leading down here.
You hit the endoplasm but do no damage.
The endoplasm hits you but does no damage.
You hit the endoplasm.
The endoplasm is almost dead.
The endoplasm hits you but does no damage.
The endoplasm closely misses you.
You hit the endoplasm.
You kill the endoplasm!
No target in view!
No target in view!
You climb downwards.
Found a dagger.
Found an escape hatch in the floor.
Found a stone staircase leading up.
There is a stone staircase leading up here.
You climb upwards.
There is a stone staircase leading down here.
A bat and an endoplasm come into view.
Found an escape hatch in the floor.
The helpless endoplasm fails to defend itself.
You slash the endoplasm!
You kill the endoplasm!
The bat barely misses you.
You hit the bat.
The bat is heavily wounded.
The bat hits you. The bat hits you but does no damage.
You completely miss the bat.
The bat is heavily wounded.
The bat misses you. The bat closely misses you.
You barely miss the bat.
The bat is heavily wounded.
The bat misses you.
A ball python comes into view.
The ball python hisses angrily.
The bat closely misses you.
You see here 12 gold pieces.
You now have 23 gold pieces (gained 12).
The bat closely misses you.
You hit the bat.
The bat is heavily wounded.
The bat barely misses you. The bat hits you but does no damage.
You hit the bat.
You kill the bat!
Your Axes skill increases to level 3!
You have reached level 2!
The ball python closely misses you. The ball python barely misses you.
You hit the ball python.
You kill the ball python!
No target in view!
No target in view!
Found a scroll labelled NURCHU RIREPOZ.
f - a scroll labelled NURCHU RIREPOZ A frilled lizard comes into view.
The frilled lizard hisses angrily.
A quokka comes into view.
The frilled lizard bites you but does no damage.
You closely miss the frilled lizard. The frilled lizard misses you.
You barely miss the quokka. You hit the frilled lizard.
The quokka closely misses you. The frilled lizard bites you.
You closely miss the frilled lizard.
The frilled lizard is heavily wounded.
You hit the quokka. The quokka barely misses you.
The frilled lizard bites you but does no damage.
The quokka bites you.
You barely miss the frilled lizard.
The frilled lizard is heavily wounded.
You hit the quokka but do no damage. The frilled lizard bites you.
The quokka barely misses you.
You closely miss the frilled lizard.
The frilled lizard is heavily wounded.
You hit the quokka but do no damage. The quokka closely misses you.
The frilled lizard barely misses you.
You closely miss the frilled lizard.
The frilled lizard is heavily wounded.
You hit the quokka.
The quokka bites you but does no damage.
The frilled lizard bites you but does no damage.
The quokka twitches its whiskers.
The quokka bites you.
You closely miss the quokka.
The quokka is severely wounded.
You hit the frilled lizard.
You kill the frilled lizard!
The quokka bites you.
* * * LOW HITPOINT WARNING * * *
You are too injured to fight recklessly!
You are too injured to fight recklessly!
Cleave: a) +0 hand axe
Press: ? - help, Dir - move target, f - quokka
Aim: a quokka (severely wounded, haloed, about 32% to evade your +0 hand axe)
You hit the quokka but do no damage.
The quokka is severely wounded.
The quokka bites you but does no damage.
The quokka barely misses you.
Cleave: a) +0 hand axe
Press: ? - help, Dir - move target, f/p - quokka
Aim: a quokka (severely wounded, haloed, about 32% to evade your +0 hand axe)
You hit the quokka.
You kill the quokka!
A rat comes into view.
The rat squeaks loudly.
You hear an angry hiss.
A ball python comes into view.
You hit the rat.
The rat is heavily wounded.
The rat barely misses you.
You hit the rat.
You kill the rat!
You hit the ball python but do no damage.
The ball python bites you but does no damage.
The ball python misses you.
You hit the ball python.
You kill the ball python!
A giant cockroach comes into view.
You hit the giant cockroach.
The giant cockroach is moderately wounded.
The giant cockroach bites you. x2
* * * LOW HITPOINT WARNING * * *
You are too injured to fight recklessly!
You are too injured to fight recklessly!
Cleave: a) +0 hand axe
Press: ? - help, Dir - move target, f - giant cockroach
Aim: a giant cockroach (moderately wounded, haloed, about 21% to evade your +0 hand axe)
You hit the giant cockroach.
You kill the giant cockroach!
Your Stealth skill increases to level 1!
Cleave: a) +0 hand axe
Press: ? - help, Dir - move target, f - you
Okay, then.
You open the door.
There is an open door here.
You enter the shallow water.
Moving in this stuff is going to be slow.
You open the door.
There is an open door here.
A bat comes into view.
A bat is nearby!
A ball python comes into view.
The ball python hisses angrily.
The bat barely misses you.
You hit the bat.
You kill the bat!
The ball python bites you. The ball python grabs you.
The ball python constricts you.
You hit the ball python.
You kill the ball python!
No target in view!
No target in view!
No target in view!
Found a grey potion.
Why would you want to do that?
An endoplasm and a hobgoblin come into view.
The endoplasm quivers.
The hobgoblin shouts!
Found 6 gold pieces.
The hobgoblin misses you. The endoplasm hits you.
You barely miss the hobgoblin. You hit the endoplasm. The hobgoblin hits you.
The endoplasm freezes you.
You are frozen.
* * * LOW HITPOINT WARNING * * *
You are too injured to fight recklessly!
You are too injured to fight recklessly!
Cleave: a) +0 hand axe
Press: ? - help, Dir - move target, f - endoplasm
Aim: an endoplasm (moderately wounded, haloed, about 3% to evade your +0 hand axe)
You hit the endoplasm.
The endoplasm is heavily wounded.
You barely miss the hobgoblin. The hobgoblin misses you.
The endoplasm closely misses you.
Unknown command.
Cleave: a) +0 hand axe
Press: ? - help, Dir - move target, f/p - endoplasm
Aim: an endoplasm (heavily wounded, haloed, about 3% to evade your +0 hand axe)
You hit the endoplasm.
You kill the endoplasm!
You hit the hobgoblin. The hobgoblin hits you.
* * * LOW HITPOINT WARNING * * *
Cleave: a) +0 hand axe
Press: ? - help, Dir - move target, f - hobgoblin
Aim: a hobgoblin (moderately wounded, haloed, about 21% to evade your +0 hand axe)
You completely miss the hobgoblin.
The hobgoblin is moderately wounded.
The hobgoblin hits you.
* * * LOW HITPOINT WARNING * * *
The hobgoblin hits you.
* * * LOW HITPOINT WARNING * * *
Cleave: a) +0 hand axe
Press: ? - help, Dir - move target, f/p - hobgoblin
Aim: a hobgoblin (moderately wounded, haloed, about 21% to evade your +0 hand axe)
You barely miss the hobgoblin.
The hobgoblin is moderately wounded.
The hobgoblin misses you.
Cleave: a) +0 hand axe
Press: ? - help, Dir - move target, f/p - hobgoblin
Aim: a hobgoblin (moderately wounded, haloed, about 21% to evade your +0 hand axe)
You hit the hobgoblin.
You kill the hobgoblin!
A gnoll comes into view. It is wielding a +0 whip.
The gnoll shouts!
A bat comes into view.
You have nothing you can fire or use right now.
Unknown command.
Unknown command.
You see here a dart slug corpse.
There is a stone staircase leading down here.
A quokka comes into view.
The quokka closely misses you.
You hit the quokka.
The quokka is heavily wounded.
The quokka closely misses you.
You hit the quokka.
The quokka is severely wounded.
You hit the gnoll. The quokka bites you.
* * * LOW HITPOINT WARNING * * *
The quokka misses you. The gnoll hits you with a +0 whip.
* * * LOW HITPOINT WARNING * * *
Cleave: a) +0 hand axe
Press: ? - help, Dir - move target, f - quokka
Aim: a quokka (severely wounded, haloed, about 32% to evade your +0 hand axe)
You completely miss the quokka.
The quokka is severely wounded.
You hit the gnoll. The quokka closely misses you. The gnoll barely misses you.
Cleave: a) +0 hand axe
Press: ? - help, Dir - move target, f/p - quokka
Aim: a quokka (severely wounded, haloed, about 32% to evade your +0 hand axe)
You barely miss the quokka.
The quokka is severely wounded.
You hit the gnoll but do no damage.
The quokka bites you but does no damage.
The gnoll hits you with a +0 whip.
* * * LOW HITPOINT WARNING * * *
The quokka bites you but does no damage.
Cleave: a) +0 hand axe
Press: ? - help, Dir - move target, f/p - quokka
Aim: a quokka (severely wounded, haloed, about 32% to evade your +0 hand axe)
You closely miss the quokka.
The quokka is severely wounded.
You hit the gnoll. The gnoll barely misses you. The quokka closely misses you.
Cleave: a) +0 hand axe
Press: ? - help, Dir - move target, f/p - quokka
Aim: a quokka (heavily wounded, haloed, about 32% to evade your +0 hand axe)
You barely miss the quokka.
The quokka is heavily wounded.
You hit the gnoll. The quokka closely misses you. The gnoll barely misses you.
The quokka bites you.
You die...

###...#####..........≈§§§§
#..........†..........§.≈§.
#.......#...........#.#..§.
#................#.......#.
###...######....##.≈§..≈....
#...# #.##.##..§#§.§.≈. #...#
#.......≈..§≈§...
#...#########.##.......#.#
#.......r@.##.###.#.#.....
####### ..######g##.# #.....≈...
......###########.##.###..≈....#.
.# #.......##......g##......≈...
.####........#..>......#.#.#.....
.#..........>#.##.#..##...g...#.#
.#.##.............#.†##.≈...≈....
.#.##...#........##.......#....≈.
.......###...#.#.##..#......≈....


You could see a gnoll and a quokka.

Vanquished Creatures
  A dart slug (D:1)
  2 bats (D:1)
  3 endoplasms (D:1)
  A giant cockroach (D:1)
  A hobgoblin (D:1)
  A quokka (D:1)
  3 ball pythons (D:1)
  A frilled lizard (D:1)
  2 rats (D:1)
15 creatures vanquished.

Notes
Turn   | Place    | Note
-------+----------+-------------------------------------------
     0 | D:1      | jagoly the Gargoyle Monk began the quest for the Orb.
     0 | D:1      | Reached XP level 1. HP: 14/14 MP: 1/1
    73 | D:1      | Reached XP level 2. HP: 19/19 MP: 2/2
   136 | D:1      | Reached skill level 1 in Stealth
   216 | D:1      | Slain by a quokka

Illustrated notes

Levels and vault maps discovered:
D:1:      matt_arrival_spirals, layout_loops_cross,
          chequers_serial_rivers_room_b, nicolae_kite_square_tiling_tiny
D:2:      layout_rooms, serial_shops, nicolae_lakefront_shop,
          nicolae_shop_statue_plus, shop, uniq_terence

Skill      XL: |  1  2 |
---------------+-------+-----
Axes           | 3 |  3.1
Stealth        | 1 |  1.1
Fighting       | |  3.5
Dodging        | |  2.4

Action                     || total
---------------------------++-------
  Melee: Hand axe          ||    43
   Stab: Sleeping          ||     1
 Armour: Robe              ||    31
  Dodge: Dodged            ||    36
